 Dungeon Crawl Stone Soup version 0.18.1-50-g88ac8fd (webtiles) character file.

7 Amnesiac the Charlatan (level 1, -1/11 HPs)
             Began as a Deep Elf Artificer on Feb 28, 2018.
             Slain by a hobgoblin
             ... wielding a cursed -1 club
              (5 damage)
             ... on level 1 of the Dungeon.
             The game lasted 00:00:40 (125 turns).

Amnesiac the Charlatan (Deep Elf Artificer)          Turns: 125, Time: 00:00:40

Health: -1/11      AC:  3    Str:  8    XL:     1   Next: 91%
Magic:  5/5        EV: 12    Int: 16    God:
Gold:   17         SH:  0    Dex: 15    Spells: 0 memorised, 0 levels left

rFire  . . .     SeeInvis .     a - +0 short sword
rCold  . . .     Gourm    .     b - +0 leather armour
rNeg   . . .     Faith    .     (no shield)
rPois  .         Spirit   .     (no helmet)
rElec  .         Dismiss  .     (no cloak)
rCorr  .         Reflect  .     (no gloves)
SustAt .         Harm     .     (no boots)
MR     .....                    (no amulet)
Stlth  ++........               (no ring)
                                (no ring)

@: not resistant to hostile enchantments, unstealthy
A: no striking features
a: no special abilities


You were on level 1 of the Dungeon.
You were not hungry.

You visited 1 branch of the dungeon, and saw 2 of its levels.

You collected 17 gold pieces.

Inventory:

Hand Weapons
 a - a +0 short sword (weapon)
Armour
 b - a +0 leather armour (worn)
Wands
 c - a wand of flame (15/48)
 d - a wand of enslavement (15/24)
 e - a wand of random effects (14/48)
Scrolls
 g - a scroll of recharging {!r, unknown}
 h - a scroll of identify {!r, unknown}
Potions
 i - a potion of haste {!q, unknown}
Comestibles
 f - a bread ration


   Skills:
 - Level 0.7 Fighting
 - Level 1.0 Short Blades
 - Level 2.4 Dodging
 - Level 1.2 Stealth
 + Level 3.9 Evocations


You couldn't memorise any spells.
You didn't know any spells.

Dungeon Overview and Level Annotations

Branches:
Dungeon (2/15)

Altars:

Annotations:
D:1 exclusion: downstairs
D:2 Ijyb, Sigmund


Message History

Sigmund shouts!
Sigmund seems to speed up.
This wand has 14 charges left.
Sigmund points at you and mumbles some strange words.
You resist with significant effort. The giant newt closely misses you.
Sigmund barely misses you.
Found a stone staircase leading down.
The kobold closely misses you. Sigmund barely misses you.
The kobold barely misses you.
Found two items.
The giant newt hisses menacingly.
The giant newt bites you but does no damage.
Sigmund whispers, "You'll know eternity soon."
Sigmund casts a spell.
Sigmund flickers and vanishes!
Deactivating autopickup; reactivate with Ctrl-A.
There is a stone staircase leading up here.
The giant newt closely misses you.
You climb upwards.
Level annotation: exclusion: downstairs
There is a stone staircase leading down here.
Autopickup is now on.
You hit the giant newt.
You kill the giant newt!
You see here a giant newt corpse.
The dart slug is too close now for your liking.
A dart slug is nearby!
A hobgoblin comes into view. It is wielding a club.
Found a bread ration.
The helpless dart slug fails to defend itself.
You hit the dart slug.
The dart slug is moderately wounded.
The dart slug bites you.
You hit the dart slug.
The dart slug is heavily wounded.
The dart slug closely misses you.
You hit the dart slug but do no damage.
The dart slug is heavily wounded.
The dart slug closely misses you.
You hit the dart slug.
The dart slug is almost dead.
You hit the dart slug but do no damage.
The dart slug is almost dead.
The dart slug bites you.
You hit the dart slug.
You kill the dart slug!
The hobgoblin closely misses you.
You hit the hobgoblin but do no damage. The hobgoblin closely misses you.
You barely miss the hobgoblin. The hobgoblin completely misses you.
You hit the hobgoblin but do no damage. The hobgoblin hits you with a club.
* * * LOW HITPOINT WARNING * * *
You completely miss the hobgoblin. The hobgoblin closely misses you.
You hit the hobgoblin.
The hobgoblin is severely wounded.
The hobgoblin closely misses you.
You closely miss the hobgoblin.
The hobgoblin is severely wounded.
The hobgoblin closely misses you.
You barely miss the hobgoblin.
The hobgoblin is severely wounded.
The hobgoblin hits you but does no damage.
You closely miss the hobgoblin.
The hobgoblin is severely wounded.
The hobgoblin hits you with a club.
You die...

##.........>.............#
#....#+#..................
#....#.#..................
#...................)..#.#
#.......####.###..........
##...........# #..........
#...........#............
#...........#...........#
#.......@g..#...........#
#...........#............
#.............#...##.##.#
#.............#...# ..#
#.............#.g.# .#
......####...# ...... ...#
...... ..%.


You could see a hobgoblin.

Vanquished Creatures
  A dart slug (D:1)
  A bat (D:1)
  A giant cockroach (D:1)
  A goblin (D:1)
  A giant newt (D:1)
5 creatures vanquished.

Notes
Turn   | Place    | Note
--------------------------------------------------------------
     0 | D:1      | Amnesiac the Deep Elf Artificer began the quest for the Orb.
     0 | D:1      | Reached XP level 1. HP: 11/11 MP: 5/5
    22 | D:2      | Noticed Ijyb
    84 | D:2      | Noticed Sigmund
   125 | D:1      | Slain by a hobgoblin

Action                   || total
-------------------------++-------
Melee: Short sword       ||    24
Evoke: Wand              ||     1
 Stab: Sleeping          ||     1
Armor: Leather armour    ||    10
Dodge: Dodged            ||    24
